Map: Blueshift LE

Players

Ohneende - Winner!

  • Race: Zerg Zerg
  • League: Gold
  • Spawn Location: 1:00

Michael

  • Race: Terran Terran
  • League: Platinum
  • Spawn Location: 7:00

VOD

Have the link to the VOD?

Description

Time

  • Played on: Oct. 13, 2018, 2:08 a.m.
  • Length: 9:31
Show
View Real Time Build Order
Export as new Build Order

Ohneende Zerg - Winner!

Build Orders: Hatch First 

Get SALT Encoding   

  12  0:02  Drone  
  13  0:07  Drone  
  14  0:16  Overlord  
  14  0:40  Drone x3  
  17  0:56  Drone  
  18  0:58  Hatchery  
  17  1:07  Drone  
  18  1:17  Spawning Pool  
  17  1:20  Extractor, Drone  
  17  1:28  Drone  
  18  1:34  Overlord  
  18  1:49  Drone  
  19  2:05  Queen  
  19  2:06  Zergling x2  
  19  2:07  Zergling x2  
  23  2:18  Queen  
  23  2:19  Drone  
  23  2:22  Drone x2  
  28  2:29  Metabolic Boost  
  28  2:32  Drone  
  28  2:33  Drone  
  30  2:51  Drone  
  31  2:54  Queen  
  31  2:58  Drone  
  35  3:12  Drone  
  35  3:18  Overlord, Drone  
  35  3:19  Overlord x2  
  36  3:26  Hatchery  
  35  3:29  Drone  
  35  3:33  Overlord  
  36  3:36  Queen  
  38  3:43  Drone x4  
  42  3:55  Zergling x8  
  45  4:00  Extractor  
  44  4:12  Queen, Baneling Nest  
  45  4:29  Lair  
  45  4:31  Drone  
  45  4:32  Drone x8  
  45  4:37  Queen  
  56  4:48  Queen  
  56  4:52  Drone x5  
  63  4:53  Drone x2  
  63  4:59  Baneling x4  
  65  5:00  Baneling x3  
  65  5:08  Extractor  
  64  5:16  Extractor  
  64  5:20  Evolution Chamber x2  
  64  5:21  Drone x4  
  61  5:55  Zergling x4  
  61  5:56  Zergling x22  
  74  6:01  Extractor  
  73  6:04  Hydralisk Den  
  73  6:07  Zerg Missile Weapons Level 1, Zerg Melee Weapons Level 1  
  73  6:09  Drone x2  
  74  6:13  Overlord  
  74  6:30  Baneling  
  74  6:31  Baneling x6  
  64  6:50  Zergling x30  
  64  6:51  Zergling x6  
  78  7:13  Baneling x4  
  78  7:14  Baneling x12  
  78  7:15  Overlord x3  
  71  7:37  Hydralisk  
  71  7:38  Hydralisk x4  
  81  7:52  Zergling x18  
  79  8:08  Zergling x2  
  79  8:09  Zergling x16  
  88  8:19  Hydralisk  
  90  8:20  Zergling x2  
  87  8:28  Zergling x2  
  87  8:29  Zergling x4  
  80  8:52  Zergling x2  
  80  8:53  Zergling x18  
  88  9:07  Zergling x6  
  88  9:08  Zergling x6  
Show
View Real Time Build Order
Export as new Build Order

Michael Terran 

Build Orders:  

Get SALT Encoding   

  12  0:01  SCV  
  13  0:13  SCV  
  14  0:20  Supply Depot  
  14  0:25  SCV  
  15  0:42  SCV  
  16  0:44  Barracks  
  16  0:54  SCV  
  17  1:06  SCV  
  18  1:15  Barracks  
  18  1:17  Refinery  
  18  1:37  Marine  
  19  1:40  Supply Depot  
  19  2:00  Command Center  
  20  2:02  Orbital Command  
  19  2:13  Barracks Tech Lab  
  19  2:22  Refinery  
  19  2:26  Barracks  
  19  2:28  Barracks Reactor  
  19  2:35  SCV  
  20  2:43  Marine  
  21  2:48  SCV  
  20  3:00  SCV  
  20  3:01  Marine  
  21  3:11  Marine  
  21  3:12  Marine  
  22  3:13  Marine  
  22  3:19  Marine  
  24  3:29  Marine  
  24  3:30  Marine  
  24  3:31  Marine  
  24  3:32  SCV  
  28  3:36  Marine  
  29  3:46  Factory  
  29  3:49  Barracks Reactor  
  29  4:03  SCV  
  29  4:04  Command Center  
  30  4:15  SCV  
  30  4:16  Supply Depot  
  31  4:37  Marine x2  
  31  4:38  SCV  
  34  4:39  Supply Depot  
  34  4:43  Marauder  
  36  4:46  Factory Tech Lab  
  36  4:48  Marine x2  
  36  4:50  SCV  
  39  4:59  Starport  
  39  5:01  Marine  
  39  5:02  SCV, Supply Depot  
  41  5:11  Marine x3  
  41  5:12  Marine  
  45  5:14  SCV  
  45  5:19  Marine  
  47  5:23  Siege Tank  
  50  5:34  Marine x3  
  53  5:37  Starport Reactor  
  41  5:53  Marauder  
  41  5:55  Marine x2  
  45  6:07  Marine x2  
  47  6:13  Marine x2  
  47  6:14  SCV, Marauder  
  52  6:21  Orbital Command  
  52  6:26  SCV  
  53  6:38  SCV  
  54  6:40  Supply Depot  
  51  6:50  SCV  
  48  7:02  SCV, Marine x5  
  48  7:04  Siege Tank  
  48  7:05  Medivac  
  48  7:06  Medivac  
  61  7:14  SCV  
  62  7:18  SCV  
  62  7:19  Marine  
  62  7:20  Marine  
  50  7:30  SCV, Marine  
  50  7:31  Marine x2  
  52  7:37  Marine x2  
  52  7:42  SCV, Medivac  
  56  7:45  Medivac  
  56  7:48  Marine x2  
  56  7:49  Marine  
  61  7:54  SCV  
  61  7:55  Marine x2  
  48  8:06  SCV, Marine x3  
  52  8:13  Marine x2  
  52  8:19  SCV  
  55  8:24  Marine x3  
  58  8:31  SCV, Marine x2  
  49  8:42  Marine x3  
  49  8:43  SCV  
  42  8:48  Marine  
  42  8:49  Marine  
  34  8:59  Marine  
  34  9:00  Marine x2  
  36  9:06  Marine x2  
Tags
 
Matchup
TvZ
Spawn Locations
Cross Positions
Add a new tag
Caveats
  • Supply blocks, unpowered buildings, or Contaminate may cause inaccurate times.
  • Supply counts are checked every 10 seconds.